 Dungeon Crawl Stone Soup version 0.28-a0-464-g0687ed57fd (webtiles) character file.

Game seed: 13515739483830114158

49 GordonOverkill the Grave Robber (level 3, -3/16 HPs)
             Began as a Felid Necromancer on Sept 14, 2021.
             Slain by a hound (6 damage)
             ... on level 2 of the Dungeon.
             The game lasted 00:04:16 (3290 turns).

GordonOverkill the Grave Robber (Felid Necromancer) Turns: 3290, Time: 00:04:16

Health: -3/16      AC:  1    Str:  4    XL:     3   Next: 53%
Magic:  0/8        EV: 17    Int: 17    God:
Gold:   45         SH:  0    Dex: 16    Spells: 1/7 levels left
                                        Lives:  0   Deaths: 0

rFire   . . .      SeeInvis +   (weapon unavailable)
rCold   . . .      Faith    .   (shield unavailable)
rNeg    + . .      Spirit   .   (armour unavailable)
rPois   .          Reflect  .   (helmet unavailable)
rElec   .          Harm     .   (cloak unavailable)
rCorr   .          Rampage  .   (gloves unavailable)
Will    .....                   (boots unavailable)
Stlth   ++........              (no amulet)
HPRegen 0.05/turn               a - ring of positive energy
MPRegen 0.11/turn               (no ring)

@: quick
A: very small, claws 1, fangs 3, see invisible, speed 1, shaggy fur 1, stealthy
paws, no weapons or thrown items, no armour, multi-lived
a: no special abilities


You were on level 2 of the Dungeon.
You visited 1 branch of the dungeon, and saw 2 of its levels.

You collected 45 gold pieces.

Inventory:

Jewellery
 a - a ring of positive energy (left paw)
 c - an amulet of the acrobat
Scrolls
 b - 3 scrolls of identify
 d - a scroll of amnesia {unknown}
 f - a scroll of fear {unknown}
Potions
 e - a potion of flight {unknown}


   Skills:
 + Level 2.0 Fighting
 - Level 2.6 Dodging
 - Level 2.6 Stealth
 + Level 0.3 Unarmed Combat
 + Level 2.8 Spellcasting
 + Level 0.8 Hexes
 - Level 4.0 Necromancy
 + Level 0.2 Ice Magic


You had one spell level left.
You knew the following spells:

 Your Spells              Type           Power      Damage    Failure   Level
a - Pain                  Necr           64%        1d7       3%          1
b - Vampiric Draining     Necr           8%         2d7       11%         3
c - Ensorcelled Hibernat  Hex/Ice        8%         N/A       22%         2

Your spell library contained the following spells:

 Spells                   Type           Power      Damage    Failure   Level
 Animate Skeleton         Necr           32%        N/A       3%          1
 Animate Dead             Necr           8%         N/A       34%         4
 Tukima's Dance           Hex            5%         N/A       36%         3
 Agony                    Necr           16%        N/A       67%         5


Dungeon Overview and Level Annotations

Branches:
Dungeon (2/15)

Altars:


Innate Abilities, Weirdness & Mutations

You have sharp claws.
You have razor-sharp teeth.
You have supernaturally acute eyesight. (SInv)
You cover ground quickly. (Speed+)
You are covered in fur. (AC +1)
Your paws help you pounce on unaware monsters.
You are incapable of wielding weapons or throwing items.
You cannot wear armour.
You gain extra lives every three experience levels.


Message History

The hound writhes in agony.
The hound barely misses you. The hound closely misses you.
The hound completely misses you. The hound barely misses you.
The hound misses you.
Casting: Pain (safe; 3% risk of failure)
Confirm with . or Enter, or press ? or * to list all spells.
Aiming: Ensorcelled Hibernation (safe; 22% risk of failure)
Press: ? - help, Shift-Dir - straight line, f/p - hound
Aim: a hound (severely wounded, chance to affect: 45%)
The hound resists with some effort.
The hound closely misses you. The hound barely misses you.
The hound misses you. The hound closely misses you.
Casting: Ensorcelled Hibernation (safe; 22% risk of failure)
Confirm with . or Enter, or press ? or * to list all spells.
Aiming: Ensorcelled Hibernation (safe; 22% risk of failure)
Press: ? - help, Shift-Dir - straight line, f/p - hound
Aim: a hound (severely wounded, chance to affect: 45%)
The hound resists with some effort.
The hound misses you. The hound closely misses you. The hound misses you.
The hound misses you. The hound completely misses you.
Found a stone staircase leading down.
The hound bites you.
* * * LOW HITPOINT WARNING * * *
The hound bites you.
* * * LOW HITPOINT WARNING * * *
Casting: Ensorcelled Hibernation (safe; 22% risk of failure)
Confirm with . or Enter, or press ? or * to list all spells.
Aiming: Ensorcelled Hibernation (safe; 22% risk of failure)
Press: ? - help, Shift-Dir - straight line, f/p - hound
Aim: a hound (heavily wounded, chance to affect: 45%)
The hound looks drowsy...
The helpless hound fails to defend itself.
You scratch the hound.
The hound is almost dead.
The hound bites you.
You die...

#.###################.#
#.# #.. #.# #.# #.# #.#
#.# #.# #.# #.# #.# #.#
#.###.#####+#+#####.#.#
........)..........>#.#
#.#.<..........######.#
#.......##.....h@...#.#
#...............###.#.#
#.#.###.#.#.........#.#
#.#.....#.###.#.#####.#
#.#...###.# #.#.....#.#
#.#.....#.# #.#####.#.#
#.#)..#.#.# #.# #.#.#
#.#.###.#.# #.# #.#.#
#.......#.# #.# #.#.#


You could see a hound.

Vanquished Creatures
  An adder (D:2)
  A worm (D:2)
  2 bats (D:1)
  An endoplasm (D:1)
  2 giant cockroaches (D:1)
  3 goblins
  A hobgoblin (D:1)
  6 jackals
  6 kobolds
  2 quokkas
  4 ball pythons
  A frilled lizard (D:1)
  3 rats (D:1)
33 creatures vanquished.

Notes
Turn   | Place    | Note
-------+----------+-------------------------------------------
     0 | D:1      | GordonOverkill the Felid Necromancer began the quest for
                  | the Orb.
     0 | D:1      | Reached XP level 1. HP: 7/7 MP: 4/4
   586 | D:1      | Reached skill level 1 in Fighting
   857 | D:1      | Reached XP level 2. HP: 5/12 MP: 0/6
  1932 | D:1      | Reached XP level 3. HP: 15/16 MP: 6/8
  2057 | D:2      | Learned a level 3 spell: Vampiric Draining
  2365 | D:1      | Learned a level 2 spell: Ensorcelled Hibernation
  3290 | D:2      | Slain by a hound

Illustrated notes

Levels and vault maps discovered:
D:1:      minmay_arrival_stone_box, layout_rooms, hangedman_feature_mirror
D:2:      layout_basic, ebering_ecumenical_altar_hall, kennysheep_generic_room_9

Skill      XL: |  1  2  3 |
---------------+----------+-----
Fighting       | 1 2 |  2.0
Dodging        | |  2.6
Stealth        | |  2.6
Unarmed Combat | |  0.3
Spellcasting   | |  2.8
Hexes          | |  0.8
Necromancy     | |  4.0
Ice Magic      | |  0.2

Action                   || total
-------------------------++-------
Melee: Unarmed           ||     1
 Cast: Pain              ||    85
       Ensorcelled Hiber ||     3
  Use: Scroll            ||     1
 Stab: Sleeping          ||     1
Armor: Skin              ||     1
Dodge: Dodged            ||    28

Table legend: (Time is in decaauts)
 A = Elapsed time spent in this place.
 B = Non-inter-level travel time spent in this place.
 C = Inter-level travel time spent in this place.
 D = Time resting spent in this place.
 E = Time spent auto-exploring this place.
 F = Levels seen in this place.
 G = Mean time per level.
                   A        B        C        D        E       F      G
               +--------+--------+--------+--------+--------+-----+--------+
         Total |   3080 |   3038 |     42 |   2110 |    589 |   2 | 1540.0 |
       Dungeon |   3080 |   3038 |     42 |   2110 |    589 |   2 | 1540.0 |
               +--------+--------+--------+--------+--------+-----+--------+

Top non-repeatable levels by time:
     D:1: 2060 daAuts
     D:2: 1019 daAuts
